Description

This is a copy of the build that YddrA posted except it has timestamps so that the SALT encoding works.

VOD

https://www.youtube.com/watch?v=GSbWNrcG4Kc

Build Order

Get SALT Encoding   

  14  0:17  Supply Depot  
  15  0:30  Refinery  
  15  0:43  Barracks  @150 Minerals
  19  1:28  Reaper  Reaper Expand
  19  1:30  Orbital Command  
  21  1:38  Command Center  
  21  1:50  Factory  @100G 150M
  21  1:59  Supply Depot  
  21  2:05  Barracks Reactor  @50 Gas
  21  2:07  Refinery  Same time as reactor
  23  2:42  Starport  When factory ends
  23  2:45  Hellion x2  produces 6 in chains
  27  2:49  Marine  produce 3 in chains
  34  3:12  Armory  
  36  3:17  Medivac  Once starport finishes launch the medivac
  41  3:31  Supply Depot  
Spawning Tool Build Advisor. Get it on Overwolf

Go to:

Details

  • Created by: rthmjohn     
  • Published on: Jul 10, 2016
  • Modified on: Jul 10, 2016
  • Patch: Pre-3.8.0
Show
View Real Time Build Order
Export as new Build Order

Comments (0)

There are no comments. Be the first!

Create an account to comment!